 Dungeon Crawl Stone Soup version 0.30-a0-612-g150a0467c1 (webtiles) character file.

Game seed: 13363700868854528114

300 tilp the Shield-Bearer (level 6, -1/52 HPs)
             Began as a Meteoran Fighter on Jan 8, 2023.
             Slain by a gnoll
             ... wielding a +0 flail
              (5 damage)
             ... on level 5 of the Dungeon.
             The game lasted 00:05:49 (1235 turns).

tilp the Shield-Bearer (Meteoran Fighter)           Turns: 1235, Time: 00:05:49

Health: -1/52      AC: 11    Str: 18    XL:     6   Next: 96%
Magic:  8/8        EV: 10    Int:  9    God:
Gold:   43         SH:  5    Dex: 16    Spells: 5/5 levels left

rFire   . . .      SeeInvis .    a - +0 scimitar
rCold   . . .      Faith    .    c - +0 buckler
rNeg    . . .      Spirit   .    i - +0 scale mail
rPois   .          Reflect  .    (no helmet)
rElec   .          Harm     .    (no cloak)
rCorr   .          Rampage  .    (no gloves)
Will    .....                    (no boots)
Stlth   +                        (no amulet)
HPRegen 0.28/turn                m - +4 ring of protection
MPRegen 0.11/turn                (no ring)

@: glowing
A: sense surroundings 1, otherworldly, glowing, explore regen
a: no special abilities


You were on level 5 of the Dungeon.
You visited 1 branch of the dungeon, and saw 6 of its levels.

You collected 87 gold pieces.
You spent 44 gold pieces at shops.

Inventory:

Hand Weapons
 a - a +0 scimitar (weapon)
 b - a +1 dagger of protection
 p - a +0 long sword
Missiles
 t - 7 boomerangs (quivered)
 y - 6 poisoned darts
Armour
 c - a +0 buckler (worn)
 i - a +0 scale mail (worn)
Jewellery
 m - a +4 ring of protection (left hand)
Wands
 v - a wand of iceblast (9)
Scrolls
 g - 4 scrolls of teleportation {unknown}
 h - 2 scrolls of identify {unknown}
 j - a scroll of vulnerability {unknown}
 l - a scroll of fog {unknown}
 n - a scroll of poison {unknown}
 o - a scroll of amnesia {unknown}
 q - a scroll of brand weapon {unknown}
 s - a scroll of enchant armour {unknown}
 x - a scroll of noise {unknown}
Potions
 d - a potion of might
 e - a potion of degeneration {unknown}
 f - 2 potions of haste {unknown}
 k - a potion of brilliance {unknown}
 r - 2 potions of attraction {unknown}
 u - a potion of ambrosia {unknown}
 w - a potion of curing {unknown}


   Skills:
 - Level 4.0 Fighting
 + Level 3.6 Long Blades
 - Level 2.0 Throwing
 - Level 4.0 Armour
 * Level 3.5 Dodging
 + Level 1.4 Stealth
 - Level 4.0 Shields
 - Level 2.0 Invocations
 - Level 2.0 Evocations


You had 5 spell levels left.
You didn't know any spells.
Your spell library was empty.

Dungeon Overview and Level Annotations

Branches:
Dungeon (6/15) Zot: 2303
 Temple: D:4-7

Altars:

Shops:
D:2 (

Annotations:
D:4 Ijyb
D:5 Pikel


Innate Abilities, Weirdness & Mutations

You passively map a small area around you.
You are easily found by Zot.
You glow in the dark.
You regain HP and MP as you explore.


Message History

The gnoll attacks as you move away! The gnoll hits you with a +0 flail.
* * * LOW HITPOINT WARNING * * *
The gnoll attacks as you move away! The gnoll hits you but does no damage.
The gnoll attacks as you move away! The gnoll closely misses you.
The gnoll attacks as you move away! You block the gnoll's attack.
There is a stone staircase leading down here.
You block the gnoll's attack.
You climb downwards.
Level annotation: Pikel
There is a stone staircase leading up here.
Unknown command.
You slash the gnoll!
The gnoll is heavily wounded.
The gnoll barely misses you.
You barely miss the gnoll.
The gnoll is heavily wounded.
The gnoll hits you but does no damage.
You barely miss the gnoll.
The gnoll is heavily wounded.
The gnoll closely misses you. x2
You hit the gnoll.
The gnoll is heavily wounded.
The gnoll barely misses you.
You hit the gnoll but do no damage.
The gnoll is heavily wounded.
The gnoll hits you with a +0 flail!
* * * LOW HITPOINT WARNING * * *
You hit the gnoll but do no damage.
The gnoll is heavily wounded.
The gnoll hits you with a +0 flail.
* * * LOW HITPOINT WARNING * * *
The gnoll hits you with a +0 flail.
* * * LOW HITPOINT WARNING * * *
You closely miss the gnoll.
The gnoll is heavily wounded.
The gnoll hits you but does no damage.
You hit the gnoll.
The gnoll is almost dead.
The gnoll hits you with a +0 flail.
You die...

* *
*#####
...# *
#..# *
#..#
#..#
#..#
#..# *
#.@#
#g.#
#..#*
*....
#..#.
#.. .#
#.. ##
#.. *


You could see a gnoll.

Vanquished Creatures
  A phantom (D:4)
  2 hounds (D:4)
  2 orc wizards (D:5)
  6 adders
  A gnoll (D:4)
  2 worms (D:4)
  A dart slug (D:1)
  8 orcs
  4 ball pythons
  3 endoplasms
  A giant cockroach (D:2)
  5 hobgoblins
  4 jackals (D:2)
  2 quokkas
  4 bats
  A kobold (D:2)
  2 rats
49 creatures vanquished.

Notes
Turn   | Place    | Note
-------+----------+-------------------------------------------
     0 | D:1      | tilp the Meteoran Fighter began the quest for the Orb.
     0 | D:1      | Reached XP level 1. HP: 19/19 MP: 2/2
   106 | D:2      | Reached XP level 2. HP: 26/26 MP: 3/3
   236 | D:2      | Reached skill level 1 in Dodging
   236 | D:2      | Reached XP level 3. HP: 24/31 MP: 4/4
   246 | D:2      | Found Nobb's Weapon Shoppe.
   353 | D:5      | Entered Level 5 of the Dungeon
   415 | D:2      | Reached skill level 1 in Throwing
   415 | D:2      | Reached skill level 1 in Invocations
   415 | D:2      | Reached skill level 1 in Evocations
   415 | D:2      | Reached XP level 4. HP: 22/38 MP: 5/5
   474 | D:2      | Bought a +0 scimitar for 44 gold pieces
   733 | D:4      | Reached XP level 5. HP: 45/45 MP: 7/7
   953 | D:5      | Noticed a necrophage
   956 | D:5      | Reached skill level 1 in Stealth
   966 | D:5      | Noticed a lemure
   966 | D:5      | Noticed a lemure
   967 | D:5      | Noticed Pikel
   967 | D:5      | Noticed a lemure
   968 | D:5      | Noticed a lemure
  1009 | D:4      | Reached XP level 6. HP: 49/52 MP: 8/8
  1197 | D:4      | Noticed Ijyb
  1235 | D:5      | Slain by a gnoll

Illustrated notes

Levels and vault maps discovered:
D:1:      dpeg_arrival_solitude, layout_loops_ring, serial_rivers,
          chequers_serial_rivers_micro_e, chequers_serial_rivers_room_a,
          chequers_serial_rivers_micro_a, chequers_serial_rivers_micro_c,
          chequers_serial_rivers_small_b, chequers_serial_rivers_room_b
D:2:      kennysheep_big_flooded_room, layout_loops_ring, serial_shops,
          shop_statue, nicolae_ecumenical_snake_handling,
          amcnicky_mini_corridor_feature, chequers_serial_rivers_large_a
D:3:      layout_loops_ring, mainiacjoe_overflow_concentric_impassable,
          nicolae_uskayaw_murder_on_the_dancefloor
D:4:      layout_cave_pods, uniq_ijyb
D:5:      minmay_octagon_keep, layout_loops_ring, serial_bayou_pond_e,
          minmay_hedge_maze, uniq_pikel, uniq_menkaure, uniq_sigmund
D:6:      layout_loops_cross, amethyst_overflow_temple_binary

Skill      XL: |  1  2  3  4  5  6 |
---------------+-------------------+-----
Dodging        | 1 2 3 |  3.5
Throwing       | 1 2 |  2.0
Invocations    | 1 2 |  2.0
Evocations     | 1 2 |  2.0
Shields        | 4 |  4.0
Armour         | 4 |  4.0
Long Blades    | 3 |  3.6
Stealth        | 1 |  1.4
Fighting       | 4 |  4.0

Action                   |  1- 3 |  4- 6 || total
-------------------------+-------+-------++-------
Melee: Long sword        |    63 |    17 ||    80
       Scimitar          |       |   119 ||   119
Armor: Scale mail        |    31 |    69 ||   100
Dodge: Dodged            |    25 |    61 ||    86
Block: Buckler           |    24 |    50 ||    74

Table legend: (Time is in decaauts)
 A = Elapsed time spent in this place.
 B = Non-inter-level travel time spent in this place.
 C = Inter-level travel time spent in this place.
 D = Time resting spent in this place.
 E = Time spent auto-exploring this place.
 F = Levels seen in this place.
 G = Mean time per level.
                   A        B        C        D        E       F      G
               +--------+--------+--------+--------+--------+-----+--------+
         Total |   1295 |   1059 |    236 |      0 |      0 |   6 |  215.8 |
       Dungeon |   1295 |   1059 |    236 |      0 |      0 |   6 |  215.8 |
               +--------+--------+--------+--------+--------+-----+--------+

Top non-repeatable levels by time:
     D:4: 576 daAuts
     D:2: 377 daAuts
     D:5: 120 daAuts
     D:3: 112 daAuts
     D:1: 101 daAuts
     D:6: 7 daAuts
